 Dungeon Crawl Stone Soup version 0.29-a0-284-gf9362112df (webtiles) character file.

Game seed: 2870469119033844852

23 epen the Vexing (level 2, 0/23 HPs)
             Began as a Gnoll Arcane Marksman on Mar 15, 2022.
             Slain by an orc
             ... wielding a +0 short sword
              (4 damage)
             ... on level 2 of the Dungeon.
             The game lasted 00:00:57 (865 turns).

epen the Vexing (Gnoll Arcane Marksman)              Turns: 865, Time: 00:00:57

Health: 0/23       AC:  2    Str:  9    XL:     2   Next: 95%
Magic:  5/5        EV: 13    Int: 12    God:
Gold:   21         SH:  0    Dex: 12    Spells: 5/6 levels left

rFire   . . .      SeeInvis .   a - +0 shortbow
rCold   . . .      Faith    .   (shield currently unavailable)
rNeg    . . .      Spirit   .   b - +0 robe
rPois   .          Reflect  .   (no helmet)
rElec   .          Harm     .   (no cloak)
rCorr   .          Rampage  .   (no gloves)
Will    .....                   (no boots)
Stlth   +.........              (no amulet)
HPRegen 0.07/turn               (no ring)
MPRegen 0.09/turn               (no ring)

@: mighty, attractive
A: fangs 1, strong nose, distributed training
a: no special abilities


You were on level 2 of the Dungeon.
You visited 1 branch of the dungeon, and saw 2 of its levels.

You collected 21 gold pieces.

Inventory:

Hand Weapons
 a - a +0 shortbow (weapon)
Armour
 b - a +0 robe (worn)
Scrolls
 c - a scroll of vulnerability
 d - a scroll of enchant weapon {unknown}
 f - a scroll of fog {unknown}
 h - a scroll of fear {unknown}
 k - a scroll of identify {unknown}
 m - 5 scrolls of teleportation {unknown}
Potions
 i - a potion of curing {unknown}
 j - a potion of mutation {unknown}
 l - a potion of haste {unknown}


   Skills:
 + Level 2.5 Fighting
 + Level 0.5 Short Blades
 + Level 0.5 Long Blades
 + Level 0.5 Axes
 + Level 0.5 Maces & Flails
 + Level 0.5 Polearms
 + Level 0.5 Staves
 + Level 0.5 Slings
 + Level 4.5 Bows
 + Level 0.5 Crossbows
 + Level 0.5 Throwing
 + Level 0.5 Armour
 + Level 4.5 Dodging
 + Level 0.5 Stealth
 + Level 0.5 Shields
 + Level 0.5 Unarmed Combat
 + Level 2.7 Spellcasting
 + Level 0.4 Conjurations
 + Level 5.4 Hexes
 + Level 0.4 Summonings
 + Level 0.4 Necromancy
 + Level 0.4 Translocations
 + Level 0.4 Transmutations
 + Level 0.4 Fire Magic
 + Level 0.4 Ice Magic
 + Level 0.4 Air Magic
 + Level 0.4 Earth Magic
 + Level 0.4 Poison Magic
 + Level 0.7 Invocations
 + Level 0.5 Evocations


You had 5 spell levels left.
You knew the following spells:

 Your Spells              Type           Power      Damage    Failure   Level
a - Slow                  Hex            56%        N/A       2%          1

Your spell library contained the following spells:

 Spells                   Type           Power      Damage    Failure   Level
 Inner Flame              Hex/Fire       8%         N/A       22%         3
 Portal Projectile        Hex/Tloc       16%        N/A       22%         3
 Cause Fear               Hex            7%         N/A       26%         4


Dungeon Overview and Level Annotations

Branches:
Dungeon (2/15)

Altars:


Innate Abilities, Weirdness & Mutations

You have very sharp teeth.
Your uncanny sense of smell can sniff out nearby items.
Your experience applies equally to all skills.


Message History

The hobgoblin is severely wounded.
Shoot: a) +0 shortbow
Press: ? - help, Shift-Dir - straight line, f/p - hobgoblin
Aim: a hobgoblin (severely wounded, 60% to hit)
You shoot an arrow. The arrow hits the hobgoblin.
You kill the hobgoblin!
An orc comes into view. It is wielding a +0 short sword.
Shoot: a) +0 shortbow
Press: ? - help, Shift-Dir - straight line, f - orc
Aim: an orc, wielding a +0 short sword and wearing a +0 chain mail (wandering, hasn't noticed you, 68% to hit)
You shoot an arrow. The orc shouts!
The arrow hits the orc but does no damage.
Shoot: a) +0 shortbow
Press: ? - help, Shift-Dir - straight line, f/p - orc
Aim: an orc, wielding a +0 short sword and wearing a +0 chain mail (68% to hit)
You shoot an arrow.
The arrow hits the orc but does no damage.
Shoot: a) +0 shortbow
Press: ? - help, Shift-Dir - straight line, f/p - orc
Aim: an orc, wielding a +0 short sword and wearing a +0 chain mail (68% to hit)
You shoot an arrow. The arrow barely misses the orc.
Shoot: a) +0 shortbow
Press: ? - help, Shift-Dir - straight line, f/p - orc
Aim: an orc, wielding a +0 short sword and wearing a +0 chain mail (68% to hit)
You shoot an arrow.
The arrow hits the orc but does no damage.
An orc comes into view. It is wielding a +0 falchion.
It was a potion of attraction.
You feel attractive to monsters.
An orc comes into view. It is wielding a +0 hand axe.
The orc hits you with a +0 short sword.
* * * LOW HITPOINT WARNING * * *
The orc is attracted toward you. The orc attacks as you move away!
The orc completely misses you. The orc is attracted toward you.
It was a potion of might.
You feel very mighty all of a sudden. The orc hits you with a +0 short sword.
You die...

.. #### #§#
..# .†. ... #
#.###.# .###
...#.# ....
###§#o##..####
#....o@.....!.
#.#..#########
#..........
#..########
#.......#
#.)####.###
#.....#...
#..##.#.######
#...........<#


You could see 2 orcs.

Vanquished Creatures
  A worm (D:2)
  3 ball pythons (D:1)
  2 endoplasms (D:1)
  A giant cockroach (D:1)
  4 hobgoblins
  2 kobolds
  2 bats (D:1)
  A frilled lizard (D:1)
  2 rats (D:1)
18 creatures vanquished.

Notes
Turn   | Place    | Note
-------+----------+-------------------------------------------
     0 | D:1      | epen the Gnoll Arcane Marksman began the quest for the Orb.
     0 | D:1      | Reached XP level 1. HP: 17/17 MP: 4/4
   260 | D:1      | Reached XP level 2. HP: 23/23 MP: 5/5
   481 | D:1      | Found a faded altar of an unknown god.
   807 | D:2      | HP: 1/23 [worm (10)]
   865 | D:2      | Slain by an orc

Illustrated notes

Levels and vault maps discovered:
D:1:      spicycebolla_arrival_teleporter_tutorial, layout_basic,
          chequers_ecumenical_altar_simple
D:2:      layout_basic, serial_bayou_pond_a

Action                   || total
-------------------------++-------
 Fire: Shortbow          ||    61
  Use: Potion            ||     2
Armor: Robe              ||     3
Dodge: Dodged            ||    18

Table legend: (Time is in decaauts)
 A = Elapsed time spent in this place.
 B = Non-inter-level travel time spent in this place.
 C = Inter-level travel time spent in this place.
 D = Time resting spent in this place.
 E = Time spent auto-exploring this place.
 F = Levels seen in this place.
 G = Mean time per level.
                   A        B        C        D        E       F      G
               +--------+--------+--------+--------+--------+-----+--------+
         Total |    882 |    847 |     35 |      0 |    710 |   2 |  441.0 |
       Dungeon |    882 |    847 |     35 |      0 |    710 |   2 |  441.0 |
               +--------+--------+--------+--------+--------+-----+--------+

Top non-repeatable levels by time:
     D:1: 791 daAuts
     D:2: 90 daAuts
